 Dungeon Crawl Stone Soup version 0.20.1-1-g8b1a95d66d (webtiles) character file.

2402 Gargoyl the Chopper (level 9, -6/74 HPs)
             Began as a Centaur Abyssal Knight on Dec 19, 2017.
             Was an Elder of Lugonu.
             Mangled by a slime creature (8 damage)
             ... on level 7 of the Dungeon.
             The game lasted 00:13:39 (7086 turns).

Gargoyl the Chopper (Centaur Abyssal Knight)        Turns: 7086, Time: 00:13:40

Health: -6/74      AC: 23    Str: 18    XL:     9   Next: 23%
Magic:  13/13      EV:  0    Int:  9    God:    Lugonu [****..]
Gold:   488        SH:  0    Dex: 14    Spells: 8/8 levels left

rFire    . . .     SeeInvis .   G - +2 battleaxe (chop)
rCold    . . .     Gourm    .   (shield currently unavailable)
rNeg     . . .     Faith    .   d - +2 crystal plate armour
rPois    .         Spirit   .   p - +0 helmet
rElec    .         Reflect  +   v - +0 cloak of Impermeability {Dex+3}
rCorr    .         Harm     .   y - +0 pair of gloves
MR       .....                  (no barding)
Stlth    ..........             j - +4 amulet of reflection
Regen    0.3/turn               u - +2 ring of protection
MPRegen  0.2/turn               b - +2 ring of strength

@: confused, very quick
A: hooves 3, molten scales 1, blurry vision 1, deformed body, dopey 1, speed 2,
tough skin 3, subdued magic 1
a: Depart the Abyss, Bend Space, Banish, Corrupt, Renounce Religion


You were on level 7 of the Dungeon.
You worshipped Lugonu.
Lugonu was greatly pleased with you.
You were not hungry.

You visited 1 branch of the dungeon, and saw 7 of its levels.
You visited the Abyss 1 time.

You collected 488 gold pieces.

Inventory:

Hand Weapons
 a - a +1 hand axe
 A - a +1 war axe
 G - a +2 battleaxe of chopping (weapon)
Missiles
 F - 6 tomahawks (quivered)
Armour
 d - a +2 crystal plate armour (worn)
 p - a +0 helmet (worn)
 v - the +0 cloak of Impermeability (worn) {Dex+3}
   (You found it on level 5 of the Dungeon)

   It affects your dexterity (+3).
 y - a +0 pair of gloves (worn)
Jewellery
 b - a +2 ring of strength (right hand)
 j - a +4 amulet of reflection (around neck)
 t - an uncursed amulet of regeneration {unknown}
 u - a +2 ring of protection (left hand)
 I - an uncursed ring of poison resistance {unknown}
Wands
 B - a wand of polymorph (12/24)
 D - a wand of random effects (31/48)
Scrolls
 e - 3 scrolls of identify
 r - 6 scrolls of teleportation
 z - a scroll of fear
 E - a scroll of remove curse
Potions
 f - 2 potions of curing
 h - 2 potions of haste
 i - a potion of agility {unknown}
 k - 2 potions of might
 l - a potion of berserk rage {unknown}
 n - 5 potions of lignification
 o - 4 potions of ambrosia
 q - a potion of magic {unknown}
 w - a potion of cancellation {unknown}
 x - a potion of flight {unknown}
 C - a potion of mutation {unknown}
 H - a potion of brilliance {unknown}
 J - a potion of invisibility {unknown}
Books
 s - a book of Necromancy

   Spells                             Type                      Level
   a - Pain                           Necromancy                   1
   b - Animate Skeleton               Necromancy                   1
   c - Vampiric Draining              Necromancy                   3
   d - Regeneration                   Charms/Necromancy            3
   e - Animate Dead                   Necromancy                   4
   f - Control Undead                 Necromancy                   4
Comestibles
 c - 2 bread rations
 g - 4 meat rations
 m - 2 royal jellies


   Skills:
 + Level 5.4 Fighting
 + Level 7.1 Axes
 * Level 5.5 Armour
 + Level 0.7 Dodging
 * Level 5.9 Invocations
 + Level 0.1 Evocations


You had 8 spell levels left.
You didn't know any spells.

Dungeon Overview and Level Annotations

Branches:
Dungeon (7/15)             Temple (0/1) D:4

Altars:
Nemelex Xobeh
Okawaru
Ru
Vehumet
Xom
The Shining One

Shops:
D:4 [


Innate Abilities, Weirdness & Mutations

You have hooves in place of feet.
Armour fits poorly on your strangely shaped body.
You cover ground very quickly.
You have extremely tough skin. (AC +3)
You are partially covered in molten scales. (AC +2)
Scrolls take you a little longer to read.
You are dopey. (Int -2)
Your spells are a little easier to cast, but a little less powerful.


Message History

The slime creature hits you but does no damage.
Your crystal plate armour prevents you from hitting the slime creature.
The slime creature is almost dead.
You slash the slime creature! x2; The slime creature hits you. x2
* * * LOW HITPOINT WARNING * * *
The slime creature hits you.
* * * LOW HITPOINT WARNING * * *
The slime creature hits you but does no damage.
You slash the slime creature!
You kill the slime creature!
Lugonu accepts your kill.
Your Axes skill increases to level 7!
You slash the slime creature! x2; The slime creature hits you.
* * * LOW HITPOINT WARNING * * *
The slime creature hits you but does no damage. x2
You are confused.
You feel invigorated. The slime creature hits you!
* * * LOW HITPOINT WARNING * * *
The slime creature hits you!
You die...

###..####.###.###...##...########
.....########.# #############..##
#......# #..###########*#......
#......# #..##......÷.!*#......
#......# #..##÷.÷.....÷*#......
#####..# ##[##.......P.*#....##
...##..######.##.........*#'#####
..............##JJ.......*#......
..............##@.÷......*#......
#####+##.###..###'#######*###..##
#####.##.###..# ##...)..## ##..##
..............# ########.# #..)[)
.........[....# #....'..## #.....
.##.......##..# #....#######.....
.##...##..##..###.(.....##.#.....
.##...##.>##...##.......##.##..##
.....>.........##.......##.###'##


You could see 2 slime creatures.

Vanquished Creatures
  A hippogriff (D:7)
  A slime creature (D:7)
  The ghost of cada the Insei, an amateur OpTm (D:3)
  A black bear (D:6)
  A necrophage (D:6)
  A sky beast (D:6)
  A phantom (D:4)
  An ogre (D:5)
  3 centaurs
  4 big kobolds (D:7)
  2 bullfrogs (D:7)
  A scorpion (D:4)
  2 crimson imps
  3 jellies
  A hound (D:4)
  An orc wizard (D:6)
  An orc priest (D:7)
  Jessica (D:2)
  Ijyb (D:4)
  Terence (D:2)
  5 worker ants
  2 hound skeletons
  A worker ant zombie (D:5)
  A howler monkey zombie (D:5)
  Robin (D:2)
  4 gnolls (D:6)
  5 adders
  A shadow imp (D:7)
  7 oozes
  An adder skeleton (D:7)
  An adder zombie (D:5)
  3 worms
  A dart slug (D:1)
  5 leopard geckos
  18 orcs
  10 bats
  5 giant cockroaches
  15 goblins
  5 hobgoblins
  8 jackals
  10 kobolds
  3 quokkas
  6 ball pythons
  A ball python skeleton (D:4)
  4 frilled lizards
  A leopard gecko zombie (D:5)
  3 rats
156 creatures vanquished.

Vanquished Creatures (others)
  7 fungi (D:7)
  9 toadstools (D:7)
16 creatures vanquished.

Grand Total: 172 creatures vanquished

Notes
Turn   | Place    | Note
-------+----------+-------------------------------------------
     0 | Abyss:1  | Gargoyl the Centaur Abyssal Knight began the quest for the Orb.
     0 | Abyss:1  | Reached XP level 1. HP: 19/19 MP: 2/2
   102 | Abyss:1  | Noticed a worldbinder
   113 | Abyss:1  | Noticed a deep elf archer
   126 | Abyss:1  | Noticed a deep elf archer
   132 | Abyss:1  | Noticed a deep elf mage
   133 | Abyss:1  | Noticed a deep elf mage
   133 | Abyss:1  | Noticed a deep elf mage
   133 | Abyss:1  | Noticed a deep elf archer
   136 | Abyss:2  | Found a corrupted altar of Lugonu.
   181 | Abyss:2  | Noticed a wight
   181 | Abyss:2  | Noticed a wight
   182 | Abyss:2  | Noticed a smoke demon
   184 | D:1      | Escaped the Abyss
   268 | D:1      | Reached XP level 2. HP: 11/26 MP: 3/3
   358 | D:1      | Reached skill level 2 in Axes
   370 | D:1      | Reached * piety under Lugonu
   715 | D:1      | Reached XP level 3. HP: 25/31 MP: 4/4
  1131 | D:2      | Noticed Robin
  1155 | D:2      | Killed Robin
  1318 | D:2      | Noticed Terence
  1338 | D:2      | Killed Terence
  1338 | D:2      | Reached XP level 4. HP: 36/40 MP: 5/5
  1517 | D:2      | Noticed Jessica
  1530 | D:2      | Killed Jessica
  1785 | D:2      | Reached ** piety under Lugonu
  2043 | D:3      | Reached XP level 5. HP: 46/46 MP: 7/7
  2191 | D:3      | Noticed cada's ghost (amateur OpTm)
  2223 | D:3      | Killed cada's ghost
  2223 | D:3      | Reached skill level 3 in Axes
  2223 | D:3      | Reached XP level 6. HP: 39/52 MP: 8/8
  2825 | D:4      | Found Teni's Armour Shoppe.
  3293 | D:4      | Noticed Ijyb
  3299 | D:4      | Paralysed by Ijyb for 7 turns
  3312 | D:4      | Paralysed by Ijyb for 6 turns
  3321 | D:4      | Paralysed by Ijyb for 3 turns
  3326 | D:4      | Paralysed by Ijyb for 4 turns
  3349 | D:4      | Killed Ijyb
  3353 | D:4      | Found a staircase to the Ecumenical Temple.
  3534 | D:5      | Entered Level 5 of the Dungeon
  3590 | D:5      | Got a faintly humming cloak
  3596 | D:5      | Identified the +0 cloak of Impermeability {Dex+3} (You found it on level 5 of the Dungeon)
  3670 | D:5      | Reached XP level 7. HP: 58/59 MP: 9/9
  3983 | D:5      | Reached skill level 4 in Axes
  4687 | D:5      | Found a sparkling altar of Nemelex Xobeh.
  4714 | D:6      | Found an iron altar of Okawaru.
  4851 | D:6      | Found a sacrificial altar of Ru.
  5254 | D:6      | Reached *** piety under Lugonu
  5443 | D:6      | Found a radiant altar of Vehumet.
  5605 | D:6      | Reached XP level 8. HP: 65/67 MP: 11/11
  5650 | D:6      | Reached skill level 5 in Axes
  5705 | D:6      | Gained mutation: You are dopey. (Int -2) [mutagenic meat]
  5706 | D:6      | Gained mutation: Scrolls take you a little longer to read. [mutagenic meat]
  5707 | D:6      | Gained mutation: You are partially covered in molten scales. (AC +2) [mutagenic meat]
  5708 | D:6      | Gained mutation: Your spells are a little easier to cast, but a little less powerful. [mutagenic meat]
  5941 | D:6      | Found a shimmering altar of Xom.
  5977 | D:6      | Reached skill level 5 in Invocations
  6251 | D:7      | Reached skill level 5 in Fighting
  6251 | D:7      | Reached skill level 6 in Axes
  6256 | D:7      | Reached skill level 5 in Armour
  6296 | D:7      | Noticed a slime creature
  6296 | D:7      | Noticed a slime creature
  6296 | D:7      | Noticed a slime creature
  6780 | D:7      | Noticed a hippogriff
  6788 | D:7      | Killed a hippogriff
  6788 | D:7      | Reached XP level 9. HP: 65/74 MP: 13/13
  6981 | D:7      | Found a glowing golden altar of the Shining One.
  7072 | D:7      | Reached **** piety under Lugonu
  7085 | D:7      | Reached skill level 7 in Axes
  7086 | D:7      | HP: 2/74 [slime creature (12)]
  7086 | D:7      | Mangled by a slime creature

Skill      XL: |  1  2  3  4  5  6  7  8  9 |
---------------+----------------------------+-----
Axes           | 2 3 4 6 7 |  7.1
Armour         | 2 3 4 5 |  5.5
Invocations    | 3 4 5 |  5.9
Fighting       | 4 5 |  5.4
Dodging        | |  0.7
Evocations     | |  0.1

Action                   |  1- 3 |  4- 6 |  7- 9 || total
-------------------------+-------+-------+-------++-------
Melee: Hand axe          |   106 |   218 |    30 ||   354
       Kick              |    16 |    54 |    61 ||   131
       Battleaxe         |       |       |   134 ||   134
       War axe           |       |       |    29 ||    29
Invok: Depart the Abyss  |     1 |       |       ||     1
Evoke: Wand              |       |       |     2 ||     2
  Use: Scroll            |     5 |     4 |     7 ||    16
       Potion            |       |       |     3 ||     3
  Eat: Chunk             |     1 |     5 |     5 ||    11
       Bread ration      |       |       |     2 ||     2
Armor: Crystal plate arm |   182 |   189 |   263 ||   634
       Leather armour    |     1 |       |       ||     1
Dodge: Dodged            |     7 |     6 |     7 ||    20
Block: Other             |     3 |    34 |    43 ||    80
       Reflection        |       |     1 |     4 ||     5
